 Dungeon Sprint DCSS version 0.23-a0-391-g8c51ad5 (webtiles) character file.

384 schets the Geomancer (level 10, 0/71 HPs)
             Began as an Octopode Earth Elementalist on Oct 30, 2018.
             Was an Elder of Okawaru.
             Killed from afar by Erica (21 damage)
             ... with a bolt of poison
             ... in the Dungeon (Sprint VI: "Thunderdome").
             The game lasted 00:09:49 (1175 turns).

schets the Geomancer (Octopode Earth Elementalist)  Turns: 1175, Time: 00:09:49

Health: 0/71       AC:  1    Str: 13    XL:     10   Next: 41%
Magic:  21/21      EV: 17    Int: 18    God:    Okawaru [****..]
Gold:   326        SH:  7    Dex: 12    Spells: 16/24 levels left

rFire    . . .     SeeInvis +     - Unarmed
rCold    . . .     Gourm    .   q - +0 buckler
rNeg     . . .     Faith    .   (helmet restricted)
rPois    .         Spirit   .   o - amulet "Couptan Neo" {Reflect Slay+5 SH+2}
rElec    +         Reflect  +   m - ring "Osug" {Ice SInv}
rCorr    .         Harm     .   n - ring "Xetolen" {Fire rElec}
MR       +....     NoTele   +   p - ring of Paud Tez {MR+ Str+2}
Stlth    ++++......             (no ring)
HPRegen  0.21/turn              (no ring)
MPRegen  0.17/turn              (no ring)
                                (no ring)
                                (no ring)

@: lethally poisoned (0 -> -22), very slightly contaminated, hasted, very quick
A: almost no armour, stealthy swim, amphibious, 8 rings, constrict 8, camouflage
1, gelatinous body 1
}: 1/15 runes: decaying
a: Heroism, Renounce Religion


You were in the Dungeon.
You worshipped Okawaru.
Okawaru was greatly pleased with you.
You were not hungry.

You visited 1 branch You collected 770 gold pieces.
You spent 444 gold pieces at shops.

Inventory:

Missiles
 b - 21 stones (quivered)
Armour
 q - a +0 buckler (worn)
Jewellery
 m - the ring "Osug" (left tentacle) {Ice SInv}
   (You bought it in a shop in the Dungeon)

   [ring of ice]

   It enhances your ice magic.
   It makes you vulnerable to fire.
   It protects you from cold.
   It lets you see invisible.
 n - the ring "Xetolen" (right tentacle) {Fire rElec}
   (You bought it in a shop in the Dungeon)

   [ring of fire]

   It enhances your fire magic.
   It protects you from fire.
   It makes you vulnerable to cold.
   It insulates you from electricity.
 o - the amulet "Couptan Neo" (around mantle) {Reflect Slay+5 SH+2}
   (You bought it in a shop in the Dungeon)

   [amulet of reflection]

   It shields you and reflects attacks.
   It affects your accuracy and damage with ranged weapons and melee attacks
   (+5).
   It affects your SH (+2).
 p - the ring of Paud Tez (on tentacle) {MR+ Str+2}
   (You bought it in a shop in the Dungeon)

   [ring of protection from magic]

   It affects your strength (+2).
   It affects your resistance to hostile enchantments.
Scrolls
 i - a scroll of blinking
 l - 3 scrolls of fog
Potions
 d - a potion of curing
 e - 3 potions of heal wounds
 f - 3 potions of haste
 h - a potion of berserk rage


   Skills:
 + Level 7.3 Fighting
 + Level 8.4 Dodging
 - Level 6.0 Stealth
 - Level 4.3 Shields
 * Level 10.4 Unarmed Combat
 + Level 7.9 Spellcasting
 * Level 10.4 Transmutations
 * Level 12.3 Earth Magic
 - Level 3.2 Invocations


You had 16 spell levels left.
You knew the following spells:

 Your Spells              Type           Power        Failure   Level  Hunger
a - Sandblast             Erth           ######       1%          1    None
b - Passwall              Tmut/Erth      #####...     1%          2    None
c - Lee's Rapid Deconstr  Erth           ######....   1%          5    #####..

Your spell library contained the following spells:

 Spells                   Type           Power        Failure   Level  Hunger
 Petrify                  Tmut/Erth      #####...     1%          4    ###....
 Stone Arrow              Conj/Erth      ####..       2%          3    #......


Dungeon Overview and Level Annotations

Branches:
Dungeon (1/1)

Altars:
Cheibriados
Dithmenos
Fedhas
Gozag
Kikubaaqudgha
Makhleb
Okawaru
Qazlal
Ru
Sif Muna
Trog
Uskayaw
Vehumet
Wu Jian
Xom
Yredelemnul
Zin
The Shining One
Beogh
Jiyva
Lugonu

Shops:
D *[%??*?*:[((!!!!

Annotations:
D Erica


Innate Abilities, Weirdness & Mutations

You cannot wear most types of armour.
You are very stealthy in the water. (Stealth+)
You are amphibious.
You can wear up to eight rings at the same time.
You can use your tentacles to constrict eight enemies at once.
Your skin changes colour to match your surroundings (Stealth+).
Your rubbery body absorbs attacks. (AC +1, EV +1)


Message History

You bludgeon the death knight!
You squeeze the death knight, but do no damage.
The death knight is almost dead.
You constrict the death knight, but do no damage.
The death knight hits you with a +0 battleaxe!!
Unknown command.
You barely miss the death knight. You tentacle-slap the death knight.
You kill the death knight!
Okawaru accepts your kill.
Unknown command.
You feel yourself speed up.
Erica points at you and mumbles some strange words.
The bolt of poison hits you!
You are poisoned.
You feel sick.
You feel sick. Erica casts a spell at you. The bolt of poison hits you!
You are lethally poisoned!
You die...

##.8.).......8.######
_......###.......__∩##
.....8.# #.8........∩###
.......###.............##
..).###...###..........⌠#
....# #.<.# #..........⌠#
..[.###.††###†.........§#
.......###)...†..@.....##
.....8.# #.8.)..@...∩###
_......###......___∩##
##.8.........8.######
#⌠...........⌠#
###...)(....###
#_.[...[._# #_........#
#_...)..._# #∩.......∩#


You could see Erica.

Vanquished Creatures
  A hydra (D)
  A death knight (D)
  A faun (shapeshifter) (D)
  A guardian serpent (shapeshifter) (D)
  2 queen bees (shapeshifter) (D)
  A bog body (D)
  Sigmund (D)
  A steam dragon (D)
  2 vampire mosquitoes (D)
  An insubstantial wisp (D)
  2 swamp drakes (D)
  An ogre (D)
  4 sky beasts (D)
  An eye of draining (shapeshifter) (D)
  A tengu (shapeshifter) (D)
  4 bullfrogs (D)
  A gnoll sergeant (D)
  A gnoll shaman (D)
  An orc wizard (D)
  A lightning spire (D)
  4 gnolls (D)
  An adder zombie (D)
  A leopard gecko (D)
  A bat skeleton (D)
  A frilled lizard (D)
  A quokka skeleton (D)
38 creatures vanquished.

Notes
Turn   | Place    | Note
-------+----------+-------------------------------------------
     0 | D        | schets the Octopode Earth Elementalist began the quest for
                  | the Orb.
     0 | D        | Reached XP level 1. HP: 11/11 MP: 3/3
     4 | D        | Found a radiant altar of Vehumet.
     4 | D        | Found a roughly hewn altar of Beogh.
     5 | D        | Found a hide-covered altar of Uskayaw.
     5 | D        | Found an ancient bone altar of Kikubaaqudgha.
     5 | D        | Round 1.
     6 | D        | Found a corrupted altar of Lugonu.
     7 | D        | Found Hocug's Delicious Food.
     7 | D        | Found a snail-covered altar of Cheibriados.
     7 | D        | Found a bloodstained altar of Trog.
     7 | D        | Found Luibecw's Identification Station.
     8 | D        | Found Yqeulenn's Jewellery.
     8 | D        | Found Fyibeap's Advanced Armour.
    16 | D        | Bought a clouded bone ring for 45 gold pieces
    16 | D        | Bought a fine glass ring for 45 gold pieces
    16 | D        | Bought a translucent brass amulet for 45 gold pieces
    16 | D        | Bought a heavily runed marble ring for 45 gold pieces
    16 | D        | Identified the ring "Osug" {Ice SInv} (You bought it in a
                  | shop in the Dungeon)
    17 | D        | Identified the ring "Xetolen" {Fire rElec} (You bought it
                  | in a shop in the Dungeon)
    18 | D        | Identified the amulet "Couptan Neo" {Reflect Slay+5 SH+2}
                  | (You bought it in a shop in the Dungeon)
    19 | D        | Identified the ring of Paud Tez {MR+ Str+2} (You bought it
                  | in a shop in the Dungeon)
    26 | D        | Found an ornate altar of the Wu Jian Council.
    26 | D        | Noticed an ogre
    27 | D        | Found Cischit's Magic Scroll Shop.
    28 | D        | Found Fecaschof's Magic Scroll Shop.
    28 | D        | Found Fusun's Must-Have Magic.
    30 | D        | Killed an ogre
    30 | D        | Reached skill level 7 in Earth Magic
    30 | D        | Reached XP level 2. HP: 17/17 MP: 4/7
    30 | D        | Reached XP level 3. HP: 21/21 MP: 4/8
    30 | D        | Reached XP level 4. HP: 27/27 MP: 5/10
    34 | D        | Learned a level 2 spell: Passwall
    34 | D        | Found a blossoming altar of Fedhas.
    34 | D        | Found a glowing golden altar of the Shining One.
    34 | D        | Found a shadowy altar of Dithmenos.
    34 | D        | Found Awipt's Staff Store.
    39 | D        | Found a shimmering altar of Xom.
    40 | D        | Found a glowing silver altar of Zin.
    41 | D        | Found Feguoj's Distillery.
    41 | D        | Found a burning altar of Makhleb.
    41 | D        | Found an opulent altar of Gozag.
    41 | D        | Found a sacrificial altar of Ru.
    41 | D        | Found Nock's Do-It-Yourself Clinic.
    42 | D        | Found Qixeikana's Distillery.
    42 | D        | Found Pianobro's Bottled Wisdom.
    45 | D        | Found a stormy altar of Qazlal.
    47 | D        | Found a basalt altar of Yredelemnul.
    48 | D        | Found Oklibic's Weapon Rack.
    48 | D        | Noticed Sigmund
    49 | D        | Found Uclo's Basic Armour.
    49 | D        | Found Hycoijuj's Miscellaneous Merchandise.
    50 | D        | Found an iron altar of Okawaru.
    50 | D        | Found a viscous altar of Jiyva.
    50 | D        | Found a deep blue altar of Sif Muna.
    50 | D        | Found Fytifem's Premium Goods.
    54 | D        | Became a worshipper of Warmaster Okawaru
    55 | D        | Killed Sigmund
    55 | D        | Reached skill level 8 in Earth Magic
    55 | D        | Reached XP level 5. HP: 35/35 MP: 9/12
    55 | D        | Reached XP level 6. HP: 40/40 MP: 9/13
   118 | D        | Arena points: 14 (+14) [x2]
   138 | D        | Round 2.
   226 | D        | Reached skill level 5 in Dodging
   226 | D        | Reached skill level 5 in Spellcasting
   226 | D        | Reached skill level 1 in Invocations
   261 | D        | Reached * piety under Okawaru
   261 | D        | Arena points: 56 (+42) [x3]
   282 | D        | Round 3.
   333 | D        | Bought a +0 buckler for 54 gold pieces
   341 | D        | Noticed a sky beast
   352 | D        | Killed a sky beast
   352 | D        | Reached skill level 1 in Shields
   352 | D        | Reached skill level 5 in Unarmed Combat
   352 | D        | Reached skill level 5 in Transmutations
   352 | D        | Reached XP level 7. HP: 29/46 MP: 14/14
   377 | D        | Learned a level 5 spell: Lee's Rapid Deconstruction
   378 | D        | Reached skill level 9 in Earth Magic
   404 | D        | Noticed an insubstantial wisp
   423 | D        | Killed an insubstantial wisp
   423 | D        | Reached ** piety under Okawaru
   426 | D        | Noticed a steam dragon
   442 | D        | Killed a steam dragon
   442 | D        | Arena points: 140 (+84) [x4]
   442 | D        | Reached XP level 8. HP: 15/54 MP: 6/16
   458 | D        | Bought 3 potions of heal wounds for 105 gold pieces
   465 | D        | Round 4.
   565 | D        | Reached skill level 10 in Earth Magic
   585 | D        | Noticed a six-headed hydra
   602 | D        | Killed a six-headed hydra
   602 | D        | Reached *** piety under Okawaru
   602 | D        | Reached skill level 5 in Fighting
   602 | D        | Reached XP level 9. HP: 27/61 MP: 2/18
   624 | D        | Arena points: 280 (+140) [x5]
   629 | D        | Bought 3 potions of heal wounds for 105 gold pieces
   658 | D        | Round 5.
   749 | D        | Noticed the 27-headed Lernaean hydra
   766 | D        | Reached skill level 11 in Earth Magic
   835 | D        | Arena points: 300 (+20) [x1]
   840 | D        | Got a decaying rune of Zot
  1016 | D        | Round 6.
  1026 | D        | Noticed a queen bee
  1027 | D        | Noticed a hornet
  1030 | D        | a hornet changed into a tengu
  1032 | D        | Noticed a black mamba
  1039 | D        | Killed a queen bee
  1039 | D        | Reached **** piety under Okawaru
  1041 | D        | Noticed a troll
  1044 | D        | Noticed a guardian serpent
  1044 | D        | a troll changed into a guardian serpent
  1047 | D        | Noticed an elephant
  1049 | D        | Killed a guardian serpent
  1053 | D        | Noticed a faun
  1053 | D        | an elephant changed into a faun
  1055 | D        | a black mamba changed into an eye of draining
  1060 | D        | Noticed a queen bee
  1060 | D        | an eye of draining changed into a queen bee
  1061 | D        | Killed a faun
  1061 | D        | Reached XP level 10. HP: 55/69 MP: 5/21
  1075 | D        | Noticed an orb spider
  1078 | D        | Arena points: 384 (+84) [x2]
  1093 | D        | Round 7.
  1109 | D        | Reached skill level 10 in Transmutations
  1109 | D        | Reached skill level 12 in Earth Magic
  1148 | D        | Noticed a death knight
  1150 | D        | Reached skill level 10 in Unarmed Combat
  1167 | D        | Noticed Erica
  1171 | D        | Killed a death knight
  1175 | D        | Killed from afar by Erica

Vault maps used:
D:        arena_sprint

Skill      XL: |  1  2  3  4  5  6  7  8  9 10 |
---------------+-------------------------------+-----
Dodging        | 3 4 5 6 7 8 |  8.4
Stealth        | 4 6 |  6.0
Spellcasting   | 4 5 6 7 |  7.9
Earth Magic    | 7 8 9 10 11 12 | 12.3
Fighting       | 2 3 4 5 6 7 |  7.3
Unarmed Combat | 3 5 6 8 9 10 | 10.4
Transmutations | 3 5 6 8 9 10 | 10.4
Invocations    | 2 3 |  3.2
Shields        | 1 2 4 |  4.3

Action                   |  1- 3 |  4- 6 |  7- 9 | 10-12 || total
-------------------------+-------+-------+-------+-------++-------
Melee: Unarmed           |     1 |    24 |    71 |    25 ||   121
       Tentacles         |       |     5 |    16 |     7 ||    28
       Constrict         |       |     5 |    10 |     5 ||    20
       Punch             |       |       |     3 |     4 ||     7
Throw: Stone             |       |       |     2 |     1 ||     3
 Cast: Lee's Rapid Decon |       |       |     9 |       ||     9
       Sandblast         |       |       |     7 |       ||     7
Invok: Heroism           |       |       |     5 |     1 ||     6
Evoke: Wand              |     1 |     7 |     2 |       ||    10
  Use: Scroll            |       |     1 |     1 |     1 ||     3
       Potion            |       |       |     7 |     4 ||    11
 Stab: Distracted        |       |       |       |     2 ||     2
  Eat: Chunk             |       |       |     2 |       ||     2
       Ration            |       |       |       |     1 ||     1
Armor: Skin              |       |     1 |       |       ||     1
Dodge: Dodged            |       |    10 |    38 |     7 ||    55
Block: Buckler           |       |       |    23 |     1 ||    24

Table legend:
 A = Non-vault XP
 B = Vault XP
 C = Vault XP percentage of total XP
 D = Non-vault monster count
 E = Vault monster count
 F = Vault count percentage of total count
                 A         B        C        D         E       F
            +---------+---------+-------+---------+---------+-------
      Total |    6553 |       0 |   0.0 |      38 |       0 |   0.0
            +---------+---------+-------+---------+---------+-------
          D |    6553 |       0 |   0.0 |      38 |       0 |   0.0
            +---------+---------+-------+---------+---------+-------
